 Seeded DCSS version 0.28-a0-1555-g9ae15a6949 (webtiles) character file.

Game seed: 68 (custom seed)

9 knot the Chopper (level 2, 21/24 HPs)
             Began as a Demonspawn Berserker on Jan 19, 2022.
             Was a Follower of Trog.
             Quit the game on level 1 of the Dungeon.
             The game lasted 00:00:14 (411 turns).

knot the Chopper (Demonspawn Berserker)              Turns: 411, Time: 00:00:14

Health: 21/24      AC:  2    Str: 17    XL:     2   Next: 3%
Magic:  2/2        EV: 12    Int:  8    God:    Trog [*.....]
Gold:   8          SH:  0    Dex: 12    Spells: 1/1 levels left

rFire   . . .      SeeInvis .   a - +0 hand axe
rCold   . . .      Faith    .   (no shield)
rNeg    . . .      Spirit   .   b - +0 animal skin
rPois   .          Reflect  .   (no helmet)
rElec   .          Harm     .   (no cloak)
rCorr   .          Rampage  .   (no gloves)
Will    .....                   (no boots)
Stlth   +.........              (no amulet)
HPRegen 0.08/turn               (no ring)
MPRegen 0.08/turn               (no ring)

@: no status effects
A: hooves 1
a: Renounce Religion, Berserk


You were on level 1 of the Dungeon.
You worshipped Trog.
Trog was aware of your devotion.
You visited 1 branch of the dungeon, and saw 1 of its levels.

You collected 8 gold pieces.

Inventory:

Hand Weapons
 a - a +0 hand axe (weapon)
Missiles
 d - 27 stones (quivered)
Armour
 b - a +0 animal skin (worn)
Potions
 c - a potion of lignification {unknown}


   Skills:
 - Level 3.0 Fighting
 + Level 3.2 Axes
 - Level 1.7 Armour
 - Level 1.7 Dodging


You had one spell level left.
You didn't know any spells.
Your spell library was empty.

Dungeon Overview and Level Annotations

Branches:
Dungeon (1/15)

Altars:


Innate Abilities, Weirdness & Mutations

You have large cloven feet.


Message History

You start resting.
You start resting.
HP restored.
You open the door.
There is an open door here.
d - 27 stones You now have 8 gold pieces.
A bat comes into view.
A bat is nearby!
A giant cockroach and a hobgoblin come into view.
The bat hits you but does no damage.
There are monsters nearby!
A goblin comes into view. It is wielding a +0 dagger.
The bat hits you but does no damage. The bat hits you but does no damage.
The bat completely misses you. The bat closely misses you.
You slash the bat!
You kill the bat!
Trog accepts your kill.
You barely miss the giant cockroach.
The giant cockroach closely misses you. x2
You hit the giant cockroach but do no damage.
You hit the hobgoblin. The hobgoblin hits you.
The giant cockroach barely misses you. The hobgoblin closely misses you.
You hit the hobgoblin.
The hobgoblin is almost dead.
You closely miss the giant cockroach. The giant cockroach closely misses you.
The hobgoblin barely misses you. The giant cockroach barely misses you.
You slash the hobgoblin!
You kill the hobgoblin!
Trog accepts your kill.
You hit the giant cockroach.
The giant cockroach bites you but does no damage.
You slash the giant cockroach!
You kill the giant cockroach!
Trog accepts your kill.
You have reached level 2!
Your demonic ancestry asserts itself...
Your feet thicken and deform.
Are you sure you want to abandon this character and quit the game? (Confirm with "yes".)

..# #.#+#####
.#######........
g...........g...
#.............
+.........B...
#......########## #
#.....†#........#.#
#....@...######.#.###.
#........#.)..........
..................#.####
..................#
..................#
...............÷.######
#######..........'.÷..#
#..........####.##
#..........# #...


There were no monsters in sight!

Vanquished Creatures
  A bat (D:1)
  An endoplasm (D:1)
  2 giant cockroaches (D:1)
  A hobgoblin (D:1)
  A ball python (D:1)
  2 rats (D:1)
8 creatures vanquished.

Notes
Turn   | Place    | Note
-------+----------+-------------------------------------------
     0 | D:1      | knot the Demonspawn Berserker began the quest for the Orb.
     0 | D:1      | Reached XP level 1. HP: 18/18 MP: 1/1
   411 | D:1      | Gained mutation: You have large cloven feet. [demonic
                  | ancestry]
   411 | D:1      | Reached XP level 2. HP: 21/24 MP: 2/2
   411 | D:1      | Quit the game

Illustrated notes

Levels and vault maps discovered:
D:1:      scummos_arrival_forest, layout_basic, minmay_cupped

Skill      XL: |  1 |
---------------+----+-----
Axes           | 3 |  3.2
Fighting       | |  3.0
Armour         | |  1.7
Dodging        | |  1.7

Action                   || total
-------------------------++-------
Melee: Hand axe          ||    15
Invok: Berserk           ||     1
 Stab: Sleeping          ||     1
Armor: Animal skin       ||     6
Dodge: Dodged            ||    16

Table legend: (Time is in decaauts)
 A = Elapsed time spent in this place.
 B = Non-inter-level travel time spent in this place.
 C = Inter-level travel time spent in this place.
 D = Time resting spent in this place.
 E = Time spent auto-exploring this place.
 F = Levels seen in this place.
 G = Mean time per level.
                   A        B        C        D        E       F      G
               +--------+--------+--------+--------+--------+-----+--------+
         Total |    421 |    421 |      0 |    204 |    176 |   1 |  421.0 |
       Dungeon |    421 |    421 |      0 |    204 |    176 |   1 |  421.0 |
               +--------+--------+--------+--------+--------+-----+--------+

Top non-repeatable levels by time:
     D:1: 421 daAuts
